 Dungeon Crawl Stone Soup version 0.31-a0-1178-gc5c9b8f871 (webtiles) character file.

Game seed: 11807538785260525291

338 Crabhammer the Stinger (level 6, -6/36 HPs)
             Began as an Octopode Venom Mage on Dec 12, 2023.
             Was an Initiate of Wu Jian.
             Mangled by Edmund
             ... wielding a +0 dire flail of protection
              (12 damage)
             ... on level 4 of the Dungeon.
             The game lasted 00:17:08 (3521 turns).

Crabhammer the Stinger (Octopode Venom Mage)        Turns: 3521, Time: 00:17:09

Health: -6/36      AC:  1    Str:  7    XL:     6   Next: 55%
Magic:  3/11       EV: 18    Int: 17    God:    Wu Jian [......]
Gold:   190        SH:  0    Dex: 15    Spells: 1/11 levels left

rFire   . .          .
                       - Unarmed
rCold   . . .        (no shield)
rNeg    . . .        (helmet currently unavailable)
rPois   .            (no amulet)
rElec   .            e - +5 ring of evasion
rCorr   .            l - ring of see invisible
SInv    +            (no ring)
Will    .....        (no ring)
Stlth   +++          (no ring)
HPRegen 0.26/turn    (no ring)
MPRegen 0.12/turn    (no ring)
                     (no ring)

%: no passive effects
@: beast-form
A: beast (slay +1), almost no armour, amphibious, 8 rings, camouflage 1,
gelatinous body 1, (nimble swimmer 1), tentacles
a: Begin Untransformation, Renounce Religion


You were on level 4 of the Dungeon.
You worshipped Wu Jian.
Wu Jian was noncommittal.
You were a hulking beast.
You visited 2 branches of the dungeon, and saw 5 of its levels.

You collected 190 gold pieces.

Inventory:

Jewellery
 e - a +5 ring of evasion (left tentacle)
 l - a ring of see invisible (right tentacle)
Talismans
 g - a beast talisman (active)
Scrolls
 c - 2 scrolls of identify {unknown}
Potions
 a - a potion of magic
 b - 2 potions of berserk rage {unknown}
 d - 4 potions of enlightenment {unknown}
 f - a potion of lignification {unknown}
 h - a potion of brilliance {unknown}
 i - a potion of attraction {unknown}
 j - a potion of mutation {unknown}
 k - a potion of curing {unknown}
 m - a potion of heal wounds {unknown}


   Skills:
 - Level 2.0 Dodging
 - Level 2.6 Stealth
 * Level 3.0 Unarmed Combat
 + Level 3.4 Spellcasting
 - Level 1.1 Transmutations
 + Level 0.2 Air Magic
 + Level 5.7 Poison Magic
 * Level 1.9 Shapeshifting


You had one spell level left.
You knew the following spells:

 Your Spells              Type           Power      Damage    Failure   Level
a - Sting                 Tmut/Pois      56%        1d5       4%          1
b - Poisonous Vapours     Pois/Air       26%        N/A       8%          2
c - Olgreb's Toxic Radia  Pois           22%        N/A       16%         4
d - Mephitic Cloud        Conj/Pois/Air  9%         N/A       22%         3

Your spell library contained the following spells:

 Spells                   Type           Power      Damage    Failure   Level
 Freeze                   Ice            8%         1d3       17%         1
 Summon Small Mammal      Summ           8%         N/A       17%         1
 Ensorcelled Hibernation  Hex/Ice        4%         N/A       26%         2
 Call Canine Familiar     Summ           2%         N/A       45%         3
 Frozen Ramparts          Ice            4%         1d1       45%         3
 Gell's Gravitas          Tloc           2%         N/A       45%         3
 Hailstorm                Conj/Ice       2%         3d5       45%         3
 Ozocubu's Armour         Ice            2%         N/A       45%         3
 Summon Guardian Golem    Hex/Summ       2%         N/A       45%         3
 Teleport Other           Tloc           2%         N/A       45%         3
 Leda's Liquefaction      Hex/Erth       1%         N/A       86%         4
 Dispersal                Tloc           1%         N/A       100%        6
 Ozocubu's Refrigeration  Ice            1%         4d7       100%        7
 Polar Vortex             Ice            1%         N/A       100%        9


Dungeon Overview and Level Annotations

Branches:
Dungeon (4/15)             Temple (1/1) D:4

Altars:
Cheibriados
Dithmenos
Elyvilon
Fedhas
Gozag
Hepliaklqana
Makhleb
Nemelex Xobeh
Okawaru
Ru
Sif Muna
Uskayaw
Wu Jian
Zin

Shops:
D:1 :   D:3 :

Annotations:
D:4 Blork the orc, Edmund, Menkaure
Temple 2 transporters


Innate Abilities, Weirdness & Mutations

You are a hulking beast.
Your limbs bulge with bestial killing power. (Slay +1)
You cannot wear most types of armour.
You are amphibious.
You can wear up to eight rings at the same time.
Your skin changes colour to match your surroundings (Stealth+).
Your rubbery body absorbs attacks. (AC +1, EV +1)
((You are camouflaged when in or above water. (Stealth+)))
You have tentacles for arms and can constrict up to eight enemies at once.


Message History

Poisonous vapours surround Edmund!
Edmund looks even sicker.
Aiming: Sting (safe; 4% risk of failure)
Press: ? - help, Q - select action, (/) - cycle Shift-Dir - straight line, f/p - Edmund
Aim: Edmund, wielding a +0 dire flail of protection and wearing a +0 chain mail (lightly wounded, very poisoned, 79% to hit)
The sting misses Edmund.
Edmund closely misses you. Edmund attacks as he pursues you!
Edmund hits you with a +0 dire flail of protection.
You barely miss Edmund. Your grab misses Edmund.
Edmund is lightly wounded.
Edmund hits you with a +0 dire flail of protection!
You completely miss Edmund. You grab Edmund.
Edmund is lightly wounded.
You constrict Edmund, but do no damage. Edmund barely misses you.
Okay, then.
Okay, then.
Unknown command.
You tentacle-slap Edmund but do no damage.
Edmund is lightly wounded.
You constrict Edmund, but do no damage. Edmund closely misses you.
You tentacle-slap Edmund.
You tentacle-slap Edmund, but do no damage.
Edmund is moderately wounded.
You constrict Edmund, but do no damage.
Edmund hits you with a +0 dire flail of protection!
* * * LOW HITPOINT WARNING * * *
Your magical contamination has completely faded away.
You tentacle-slap Edmund but do no damage.
Edmund is moderately wounded.
You constrict Edmund, but do no damage. Edmund barely misses you.
Blork the orc grunts noisily.
You tentacle-slap Edmund but do no damage.
Edmund is moderately wounded.
You constrict Edmund, but do no damage. Edmund barely misses you.
You tentacle-slap Edmund but do no damage.
Edmund is moderately wounded.
You constrict Edmund, but do no damage.
Edmund hits you with a +0 dire flail of protection!
You die...
Edmund says, "I'd like to see a scythe do that!"

########### #.........#
#.#.#####.#
#'#######.#####
♣♣.♣♣#......h@o#
###♣8.8♣#.<##.###.......
#.+.._..+..##.# ######.
#.#♣8.8♣#.....#
#.#♣♣.♣♣#.#####
#.###'##### #...#.....#
######### ###.####.##
#.......# #.)....#
#.......#


You could see Edmund (poisoned) and Blork the orc.

Vanquished Creatures
  A scorpion (D:4)
  A jelly (D:4)
  An orc priest (D:4)
  2 orc wizards (D:4)
  3 gnolls (D:3)
  7 adders
  2 worms
  A dart slug (D:3)
  6 orcs (D:4)
  8 ball pythons
  7 endoplasms
  3 giant cockroaches
  5 hobgoblins
  2 quokkas
  5 bats
  6 frilled lizards
  4 goblins
  10 kobolds
  8 rats
82 creatures vanquished.

Notes
Turn   | Place    | Note
-------+----------+-------------------------------------------
     0 | D:1      | Crabhammer the Octopode Venom Mage began the quest for the
                  | Orb.
     0 | D:1      | Reached XP level 1. HP: 11/11 MP: 3/3
    71 | D:1      | Found Umoivuno's Vocational Training.
    88 | D:1      | Reached skill level 4 in Poison Magic
   143 | D:1      | Reached XP level 2. HP: 17/17 MP: 1/5
   684 | D:2      | Learned a level 2 spell: Poisonous Vapours
   706 | D:2      | Reached XP level 3. HP: 21/21 MP: 4/6
   989 | D:2      | Reached skill level 1 in Unarmed Combat
  1246 | D:2      | Reached XP level 4. HP: 27/27 MP: 4/7
  1307 | D:2      | Learned a level 4 spell: Olgreb's Toxic Radiance
  1631 | D:3      | Found Onteto's Book Shoppe.
  1865 | D:3      | Reached skill level 1 in Shapeshifting
  1963 | D:3      | Reached XP level 5. HP: 13/31 MP: 4/9
  2382 | D:3      | Reached skill level 5 in Poison Magic
  2449 | D:3      | Learned a level 3 spell: Mephitic Cloud
  2483 | D:4      | Found a shimmering blue altar of Sif Muna.
  2700 | D:4      | Reached XP level 6. HP: 36/36 MP: 8/11
  2708 | D:4      | Got the Compendium of the Battered Allies
  2969 | D:4      | Noticed Menkaure
  3096 | D:4      | Found a staircase to the Ecumenical Temple.
  3157 | Temple   | Found a transporter.
  3157 | Temple   | Found a transporter.
  3157 | Temple   | Found a transporter.
  3157 | Temple   | Found a transporter.
  3157 | Temple   | Entered the Ecumenical Temple
  3172 | Temple   | Became a worshipper of the Wu Jian Council
  3507 | D:4      | Noticed Edmund
  3508 | D:4      | Noticed Blork the orc
  3521 | D:4      | Mangled by Edmund

Illustrated notes

Levels and vault maps discovered:
D:1:      dpeg_arrival_rhombus, layout_basic, nicolae_shop_vocational
D:2:      layout_loops_ring, chequers_serial_rivers_micro_b,
          hangedman_decor_growths
D:3:      layout_loops_cross, serial_shops, nicolae_square_shop
D:4:      layout_loops_cross, kennysheep_little_box,
          minmay_temple_entry_statues_fountains, nicolae_twisty_statue_hallways,
          uniq_edmund, uniq_blork_the_orc, uniq_menkaure
Temple:   hellmonk_temple_divided_pantheon

Skill      XL: |  1  2  3  4  5  6 |
---------------+-------------------+-----
Poison Magic   | 4 5 |  5.7
Unarmed Combat | 1 2 3 |  3.0
Shapeshifting  | 1 |  1.9
Spellcasting   | 3 |  3.4
Dodging        | |  2.0
Stealth        | |  2.6
Transmutations | |  1.1
Air Magic      | |  0.2

Action                     |  1- 3 |  4- 6 || total
---------------------------+-------+-------++-------
  Melee: Unarmed           |    55 |    84 ||   139
         Tentacles         |    21 |    21 ||    42
         Constrict         |    16 |    23 ||    39
         Punch             |       |     1 ||     1
   Cast: Sting             |    39 |    39 ||    78
         Poisonous Vapours |       |    13 ||    13
    Use: Scroll            |     4 |       ||     4
   Stab: Sleeping          |     4 |       ||     4
 Armour: Skin              |     9 |    27 ||    36
  Dodge: Dodged            |    54 |    55 ||   109
   Form: Beast             |     2 |       ||     2
                           |     1 |       ||     1

Table legend: (Time is in decaauts)
 A = Elapsed time spent in this place.
 B = Non-inter-level travel time spent in this place.
 C = Inter-level travel time spent in this place.
 D = Time resting spent in this place.
 E = Time spent auto-exploring this place.
 F = Levels seen in this place.
 G = Mean time per level.
                   A        B        C        D        E       F      G
               +--------+--------+--------+--------+--------+-----+--------+
         Total |   3518 |   3294 |    224 |    539 |   1641 |   5 |  703.6 |
       Dungeon |   3488 |   3277 |    211 |    539 |   1641 |   4 |  872.0 |
        Temple |     30 |     17 |     13 |      0 |      0 |   1 |   30.0 |
               +--------+--------+--------+--------+--------+-----+--------+

Top non-repeatable levels by time:
     D:3: 1092 daAuts
     D:4: 870 daAuts
     D:2: 829 daAuts
     D:1: 695 daAuts
  Temple: 30 daAuts
